AoeStats
← ssjpipe1

Hideout

509163657Analyzed
1v1 RM · 7d ago on Sep 25, 2026· 59m 27s· 2 players
Game mode
Random Map
Map size
Tiny (2 player)
Population
200
Speed
Normal
Resources
Standard
Victory
Conquest
Starting age
Dark Age
Ending age
Imperial Age
RankedLock teamsTeams togetherTeam positionsShared explorationLock speedFull tech treeHidden civsTurbo modeCheats
Victory
Defeat
🇨🇱 Lithuanians · Chile
821
+13
🇦🇷 Celts · Argentina
757
-13
Deroth2
11:04 Feudal Age
12:54 Horse Collar
16:44 Castle Age
15:48 Double-Bit Axe
16:00 Loom
16:26 Stone Mining
17:49 Heavy Plow
21:04 Bow Saw
22:18 Scale Mail Armor
22:28 Forging
23:42 Town Watch
24:58 Pikeman
26:03 Chain Mail Armor
26:24 Iron Casting
40:20 Fletching
53:51 Imperial Age
54:39 Bodkin Arrow
58:56 Murder Holes
ssjpipe1
10:13 Feudal Age
10:35 Loom
16:56 Castle Age
26:49 Forging
30:13 Iron Casting
31:31 Scale Barding Armor
31:24 Man-at-Arms
33:56 Scale Mail Armor
33:18 Long Swordsman
35:43 Wheelbarrow
38:40 Chain Mail Armor
40:10 Squires
44:13 Chain Barding Armor
47:33 Horse Collar
48:54 Bloodlines
48:44 Husbandry
52:15 Treadmill Crane
56:32 Heavy Plow
59:21 Imperial Age
56:56 Gold Mining
58:28 Double-Bit Axe
Connection lost

Rejoining the realm…

Still unreachable

The connection could not be restored.

Session expired

The server has moved on; the page needs a fresh start.